 Dungeon Crawl Stone Soup version 0.21-a0-509-gecc5317 (webtiles) character file.

21136 Jesse2 the Severer (level 12, -11/141 HPs)
             Began as a Minotaur Berserker on Nov 29, 2017.
             Was an Elder of Trog.
             Mangled by a slime creature (15 damage)
             ... on level 13 of the Dungeon.
             The game lasted 00:48:06 (13759 turns).

Jesse2 the Severer (Minotaur Berserker)            Turns: 13759, Time: 00:48:07

Health: -11/141    AC: 15    Str: 27    XL:     12   Next: 51%
Magic:  11/11      EV: 11    Int:  7    God:    Trog [****..]
Gold:   530        SH:  0    Dex: 15    Spells: 11/11 levels left

rFire    . . .     SeeInvis .   P - +7 hand axe (chop)
rCold    . . .     Gourm    .   (no shield)
rNeg     + . .     Faith    +   D - +3 scale mail {rN+}
rPois    .         Spirit   .   (helmet restricted)
rElec    .         Reflect  .   p - +1 cloak
rCorr    .         Harm     .   (no gloves)
MR       .....                  u - +0 pair of boots
Stlth    ..........             d - amulet of faith
HPRegen  0.33/turn              M - +3 ring of protection
MPRegen  0.12/turn              K - +3 ring of intelligence

@: berserking, very quick
A: retaliatory headbutt, horns 2
a: Berserk, Trog's Hand, Brothers in Arms, Burn Spellbooks, Renounce Religion


You were on level 13 of the Dungeon.
You worshipped Trog.
Trog was greatly pleased with you.
You were not hungry.

You visited 1 branch of the dungeon, and saw 13 of its levels.
You also visited: Sewer.

You collected 698 gold pieces.
You spent 168 gold pieces at shops.

Inventory:

Hand Weapons
 f - a +0 hand axe of draining
 v - a +1 hand axe of electrocution
 C - a +0 short sword of holy wrath
 G - a +3 battleaxe of freezing
 P - a +7 hand axe of chopping (weapon)
 T - a +4 antimagic broad axe
 U - a +4 battleaxe
Missiles
 F - 2 steel tomahawks (quivered)
Armour
 l - a +0 large shield
 m - a +0 plate armour
 p - a +1 cloak (worn)
 u - a +0 pair of boots (worn)
 D - a +3 scale mail of positive energy (worn)
 S - +0 acid dragon scales
Jewellery
 d - an amulet of faith (around neck)
 r - an uncursed ring of protection from fire
 K - a +3 ring of intelligence (right hand)
 L - a +2 amulet of reflection
 M - a +3 ring of protection (left hand)
Wands
 b - a wand of iceblast (5)
 B - a wand of flame (57)
 I - a wand of polymorph (24)
 J - a wand of enslavement (14)
 N - a wand of digging (30)
Scrolls
 a - a scroll of random uselessness
 h - a scroll of fear
 i - 3 scrolls of amnesia
 j - 4 scrolls of teleportation
 t - 2 scrolls of remove curse
 y - a scroll of fog
 z - 2 scrolls of immolation
 E - 2 scrolls of enchant armour
Potions
 c - a potion of ambrosia {unknown}
 e - a potion of resistance
 k - 2 potions of haste
 o - 2 potions of lignification
 s - 2 potions of degeneration {unknown}
 w - 3 potions of might
 A - a potion of berserk rage
 Q - a potion of mutation {unknown}
 V - a potion of agility {unknown}
Books
 g - a book of Air

   Spells                             Type                      Level
   a - Shock                          Conjuration/Air              1
   b - Swiftness                      Charms/Air                   2
   c - Static Discharge               Conjuration/Air              3
   d - Airstrike                      Air                          4
   e - Lightning Bolt                 Conjuration/Air              5
   Trog disapproves of the use of such an item.
Comestibles
 n - 18 royal jellies
 q - 6 meat rations
 x - 3 chunks of flesh
 O - 7 fruits
 R - a bread ration


   Skills:
 * Level 5.3 Fighting
 + Level 18.5 Axes
 - Level 2.4 Armour
 - Level 2.1 Dodging
 - Level 14.2 Shields


You had 11 spell levels left.
You didn't know any spells.

Dungeon Overview and Level Annotations

Branches:
Dungeon (13/15)            Temple (0/1) D:5            Lair (0/6) D:8
    Orc (0/2) D:9
 Vaults: D:13-14

Altars:
Cheibriados
Elyvilon
Fedhas
Nemelex Xobeh
Okawaru
Qazlal
Ru
Uskayaw
Wu Jian
Xom
The Shining One

Shops:
D:5 !   D:7 }   D:12 =   D:13 (

Annotations:
D:13 Azrael


Innate Abilities, Weirdness & Mutations

You reflexively headbutt those who attack you in melee.
You have a pair of horns on your head.


Message History

Unknown command.
Unknown command.
Unknown command.
Unknown command.
You hit the slime creature. You headbutt the slime creature!
The slime creature is heavily wounded.
You slash the slime creature! You closely miss the orc wizard.
You hit the slime creature.
Unknown command.
Unknown command.
Unknown command.
Unknown command.
You slash the slime creature!
The slime creature is severely wounded.
You hit the slime creature. You slash the orc wizard!
You kill the orc wizard!
Trog accepts your kill.
Trog appreciates your killing of a magic user.
You slice the slime creature!! The slime creature hits you!
You die...

#§.§.§.... #....)
#§R........ #.....
###### # # #######+####
# #.........%# ##
#.....)J...# #.
#.....@JJJ.# #.
#.....)Jo..# ###.
#........o.#########...
#........o.+...........
#..........#########.##
######+##### #.# #.#
#.# #.#


You could see 5 slime creatures, an orc wizard and 2 orcs.

Vanquished Creatures
  3 two-headed ogres
  The ghost of Alythanul the Sneak, a novice VSBe of Trog (D:9)
  A deep elf mage (D:12)
  An ugly thing (D:11)
  2 manticores
  Maurice (D:13)
  Psyche (D:9)
  2 ice devils (D:12)
  2 meliai (D:13)
  A queen bee (D:13)
  A polar bear (D:12)
  A hippogriff (D:11)
  A hornet (D:8)
  A shadow (D:11)
  3 slime creatures (D:12)
  A centaur simulacrum (D:12)
  Sigmund (D:3)
  2 wraiths (D:10)
  14 yaks
  Menkaure (D:4)
  A steam dragon (D:11)
  A hungry ghost (D:12)
  Edmund (D:5)
  A hell hound (D:13)
  A warg (D:8)
  Duvessa (D:5)
  3 acid dragons
  A water moccasin (D:8)
  2 soldier ants (D:8)
  Purgy (Sewer)
  2 ice beasts (D:12)
  2 phantoms (D:12)
  3 sky beasts
  7 orc warriors
  An eye of draining (D:11)
  5 centaurs
  6 ogres
  Blork the orc (D:6)
  A gnoll sergeant (D:11)
  A wyvern zombie (D:10)
  A water moccasin zombie (D:6)
  4 bullfrogs
  A wyvern skeleton (D:10)
  4 scorpions
  Dowan (D:5)
  24 killer bees
  3 vampire bats (D:3)
  13 wights
  6 crimson imps
  4 howler monkeys
  A jelly (D:8)
  13 orc priests
  A bullfrog skeleton (D:8)
  3 centaur skeletons
  5 hounds
  An iron imp (D:8)
  An iguana (D:12)
  Ijyb (D:5)
  11 orc wizards
  10 worker ants
  4 bullfrog simulacra (D:12)
  A hound skeleton (D:4)
  A worker ant zombie (D:5)
  22 adders
  6 gnolls
  4 shadow imps
  2 white imps (D:12)
  An ufetubus (D:12)
  An ooze (D:5)
  An adder zombie (D:10)
  A worm (D:2)
  A dart slug (D:1)
  5 leopard geckos
  42 orcs
  13 giant cockroaches
  4 goblins
  7 hobgoblins
  13 jackals
  8 kobolds
  9 quokkas
  5 ball pythons
  15 bats
  4 frilled lizards (D:1)
  A jackal skeleton (D:4)
  7 rats
369 creatures vanquished.

Vanquished Creatures (collateral kills)
  A hydra (D:12)
  2 centaur warriors (D:12)
  2 centaur skeletons (D:12)
  A meliai (D:13)
  2 water elementals (D:12)
  A yak (D:11)
  A hungry ghost (D:9)
  2 wargs (D:8)
  3 orc warriors
  2 ice beasts (D:12)
  6 centaurs
  A scorpion (D:9)
  11 killer bees (D:13)
  An electric eel (D:12)
  A jelly (D:9)
  A quasit (D:12)
  An orc priest (D:9)
  2 orc wizards
  A white imp (D:12)
  11 orcs
53 creatures vanquished.

Vanquished Creatures (others)
  A killer bee (D:13)
  An orc priest (D:11)
  2 orcs (D:11)
4 creatures vanquished.

Grand Total: 426 creatures vanquished

Notes
Turn   | Place    | Note
-------+----------+-------------------------------------------
     0 | D:1      | Jesse2 the Minotaur Berserker began the quest for the Orb.
     0 | D:1      | Reached XP level 1. HP: 19/19 MP: 0/0
   114 | D:1      | Reached skill level 4 in Axes
   179 | D:1      | Reached XP level 2. HP: 18/26 MP: 1/1
   353 | D:1      | Reached skill level 5 in Axes
   621 | D:1      | Reached XP level 3. HP: 31/31 MP: 2/2
   683 | D:1      | Reached ** piety under Trog
  1329 | D:2      | Reached XP level 4. HP: 39/39 MP: 3/3
  1399 | D:2      | Reached skill level 6 in Axes
  2025 | D:3      | Reached skill level 7 in Axes
  2025 | D:3      | Reached XP level 5. HP: 36/45 MP: 4/4
  2344 | D:3      | Reached *** piety under Trog
  2674 | D:3      | Reached skill level 8 in Axes
  2686 | D:3      | Noticed Sigmund
  2693 | D:3      | Killed Sigmund
  2693 | D:3      | Reached skill level 9 in Axes
  2693 | D:3      | Reached XP level 6. HP: 51/51 MP: 5/5
  3248 | D:4      | Noticed Menkaure
  3258 | D:4      | Killed Menkaure
  3258 | D:4      | Reached skill level 10 in Axes
  3258 | D:4      | Reached XP level 7. HP: 57/57 MP: 6/6
  3332 | D:4      | Found a stormy altar of Qazlal.
  3406 | D:4      | Reached **** piety under Trog
  3411 | D:4      | Found a glowing drain.
  3431 | Sewer    | Entered a sewer
  3548 | Sewer    | Noticed Purgy
  3553 | Sewer    | Killed Purgy
  3553 | Sewer    | Reached skill level 11 in Axes
  3648 | D:4      | Found a white marble altar of Elyvilon.
  3847 | D:4      | Found a sacrificial altar of Ru.
  3886 | D:5      | Entered Level 5 of the Dungeon
  3886 | D:5      | Noticed Duvessa
  3886 | D:5      | Noticed Dowan
  3896 | D:5      | Killed Dowan
  3902 | D:5      | Killed Duvessa
  3902 | D:5      | Reached XP level 8. HP: 44/64 MP: 7/7
  4135 | D:5      | Noticed Ijyb
  4143 | D:5      | Killed Ijyb
  4216 | D:5      | Reached skill level 12 in Axes
  4377 | D:5      | Found Fuonunis's Distillery.
  4394 | D:5      | Bought a potion of lignification for 36 gold pieces
  4394 | D:5      | Bought a potion of invisibility for 96 gold pieces
  4394 | D:5      | Bought a potion of curing for 36 gold pieces
  4430 | D:5      | Found a staircase to the Ecumenical Temple.
  4432 | D:5      | Noticed Edmund
  4449 | D:5      | Killed Edmund
  4502 | D:5      | Found a glowing golden altar of the Shining One.
  4597 | D:5      | Reached skill level 13 in Axes
  5114 | D:6      | Noticed Blork the orc
  5114 | D:6      | Reached XP level 9. HP: 70/70 MP: 8/8
  5155 | D:6      | Killed Blork the orc
  5155 | D:6      | Reached skill level 14 in Axes
  5231 | D:6      | Reached ***** piety under Trog
  5270 | D:6      | Reached skill level 1 in Shields
  5498 | D:6      | Found a hide-covered altar of Uskayaw.
  5498 | D:6      | Found an iron altar of Okawaru.
  5503 | D:6      | Found a faded altar of an unknown god.
  5505 | D:6      | Found a faded altar of an unknown god.
  5506 | D:6      | Found a sparkling altar of Nemelex Xobeh.
  5567 | D:6      | Noticed a manticore
  5571 | D:6      | Killed a manticore
  5969 | D:7      | Received a gift from Trog
  6231 | D:7      | Noticed a two-headed ogre
  6241 | D:7      | Killed a two-headed ogre
  6245 | D:7      | Reached XP level 10. HP: 59/77 MP: 9/9
  6622 | D:7      | Found a blossoming altar of Fedhas.
  6664 | D:7      | Reached skill level 10 in Shields
  7112 | D:7      | Found Lugod's Gadget Emporium.
  7192 | D:7      | You fall through a shaft!
  7269 | D:8      | Found a shimmering altar of Xom.
  7456 | D:8      | Found a staircase to the Lair.
  7592 | D:8      | Found a snail-covered altar of Cheibriados.
  7606 | D:8      | Noticed a two-headed ogre
  7621 | D:8      | Killed a two-headed ogre
  8372 | D:9      | Noticed Alythanul's ghost (novice VSBe)
  8394 | D:9      | Killed Alythanul's ghost
  8422 | D:9      | Reached XP level 11. HP: 49/82 MP: 10/10
  8452 | D:9      | Found a staircase to the Orcish Mines.
  8459 | D:9      | Noticed Psyche
  8616 | D:9      | Killed Psyche
  8706 | D:9      | You fall through a shaft for 3 floors!
  8739 | D:11     | Reached skill level 15 in Axes
  8869 | D:11     | Found an ornate altar of the Wu Jian Council.
  8893 | D:10     | Entered Level 10 of the Dungeon
  9738 | D:11     | Noticed a cyan ugly thing
  9743 | D:11     | Reached skill level 16 in Axes
  9753 | D:11     | Killed a cyan ugly thing
 10185 | D:11     | Received a gift from Trog
 10403 | D:12     | Noticed a deep elf mage
 10406 | D:12     | Noticed a sixfirhy
 10408 | D:12     | Killed a deep elf mage
 10467 | D:12     | Noticed a centaur warrior
 10488 | D:12     | Killed a centaur warrior
 10565 | D:12     | Noticed a centaur warrior
 10578 | D:12     | Killed a centaur warrior
 10590 | D:12     | Reached skill level 17 in Axes
 11071 | D:12     | Reached XP level 12. HP: 90/90 MP: 11/11
 11120 | D:12     | Noticed a five-headed hydra
 11804 | D:12     | Found Itoonak's Jewellery Emporium.
 11880 | D:12     | Killed a six-headed hydra
 12132 | D:12     | Reached skill level 18 in Axes
 12540 | D:13     | Found Nuwkon's Antique Weapon Shop.
 12565 | D:13     | HP: 4/136 [meliai/divine providence (10)]
 12577 | D:13     | HP: 5/204 [meliai/war axe (3)]
 12592 | D:13     | HP: 4/136 [centaur/arrow (2)]
 13393 | D:13     | Noticed a two-headed ogre
 13401 | D:13     | Killed a two-headed ogre
 13401 | D:13     | Reached skill level 5 in Fighting
 13616 | D:13     | Noticed Maurice
 13640 | D:13     | Killed Maurice
 13709 | D:13     | Noticed Azrael
 13756 | D:13     | HP: 4/141 [orc/trident (6)]
 13759 | D:13     | Mangled by a slime creature

Vault maps used:
D:1:      dpeg_arrival_tiny_d
D:3:      first_bread, grunt_ministairs_9, roderic_batcave, uniq_sigmund
D:4:      grunt_qazlal_sundering, kennysheep_mini, gup_sewer_entry_glass,
          nrook_mini_vaults, st_stairs_3, elyvilon_altar_3, uniq_menkaure
D:5:      nicolae_tso_carved_into_rock, minmay_temple_entry_trees, serial_shops,
          shop, minmay_holes, uniq_duvessa, uniq_edmund, uniq_ijyb
D:6:      minmay_cornered_nines, chequers_temple_overflow_minitemple,
          uniq_blork_the_orc
D:7:      zin_purify, fedhas_bush_and_centaur_altar, serial_shops, shop,
          kennysheep_pointless_box
D:8:      slow_altar_1, erik_lair_orcish_takeover, basic_altar,
          hangedman_pestilent_swarm
D:9:      gammafunk_temple_overflow_pools, david_orc_2, uniq_psyche
D:11:     lab_entry_generic, basic_altar
D:12:     serial_ice, serial_ice_k, serial_ice_c, serial_ice_f, serial_ice_b,
          serial_ice_d, serial_ice_e, portal_ice_cave_demonic_guard,
          serial_shops, shop, grunt_ministairs_12
D:13:     david_vaults_5, serial_shops, shop, uniq_maurice, uniq_azrael
Sewer:    kennysheep_door_sewer

Skill      XL: |  1  2  3  4  5  6  7  8  9 10 11 12 |
---------------+-------------------------------------+-----
Axes           | 4 5 7 9 10 11 13 14 17 18 | 18.5
Shields        | 9 13 14 | 14.2
Fighting       | 5 |  5.3
Armour         | |  2.4
Dodging        | |  2.1

Action                   |  1- 3 |  4- 6 |  7- 9 | 10-12 || total
-------------------------+-------+-------+-------+-------++-------
Melee: Hand axe          |   110 |   106 |   236 |   662 ||  1114
       Headbutt          |    11 |    18 |    41 |   166 ||   236
       Unarmed           |       |       |     2 |       ||     2
Invok: Berserk           |       |     2 |     5 |    16 ||    23
       Burn Spellbooks   |       |       |     2 |     1 ||     3
       Brothers in Arms  |       |       |       |    18 ||    18
       Trog's Hand       |       |       |       |     1 ||     1
Evoke: Wand              |       |       |     7 |     5 ||    12
  Use: Scroll            |       |     5 |     9 |    11 ||    25
       Potion            |       |       |       |    16 ||    16
 Stab: Sleeping          |     2 |       |       |       ||     2
  Eat: Chunk             |     1 |     7 |     9 |    11 ||    28
       Bread ration      |       |       |     1 |     4 ||     5
       Royal jelly       |       |       |       |    10 ||    10
Armor: Animal skin       |    27 |       |       |       ||    27
       Leather armour    |       |    35 |    12 |       ||    47
       Scale mail        |       |       |    54 |   179 ||   233
       Skin              |       |       |     5 |    22 ||    27
Dodge: Dodged            |    73 |    81 |   104 |   242 ||   500

Table legend:
 A = Spawn XP
 B = Non-spawn XP
 C = Spawn XP percentage of total XP
 D = Spawn monster count
 E = Non-spawn monster count
 F = Spawn count percentage of total count
 G = Total turns spent on level
                    A         B        C        D         E        F      G
               +---------+---------+-------+---------+---------+-------+---------
         Total |       0 |   30195 |   0.0 |       0 |     423 |   0.0 | 13759
               +---------+---------+-------+---------+---------+-------+---------
           D:1 |       0 |      49 |   0.0 |       0 |      30 |   0.0 |   766
           D:2 |       0 |      74 |   0.0 |       0 |      16 |   0.0 |  1216
           D:3 |       0 |     458 |   0.0 |       0 |      31 |   0.0 |  1221
           D:4 |       0 |     555 |   0.0 |       0 |      27 |   0.0 |   684
           D:5 |       0 |    1068 |   0.0 |       0 |      27 |   0.0 |   833
           D:6 |       0 |    1668 |   0.0 |       0 |      25 |   0.0 |  1084
           D:7 |       0 |    2161 |   0.0 |       0 |      34 |   0.0 |  1230
           D:8 |       0 |    3715 |   0.0 |       0 |      39 |   0.0 |  1180
           D:9 |       0 |    2516 |   0.0 |       0 |      27 |   0.0 |   334
          D:10 |       0 |    1708 |   0.0 |       0 |      20 |   0.0 |   804
          D:11 |       0 |    4340 |   0.0 |       0 |      35 |   0.0 |  1063
          D:12 |       0 |    7358 |   0.0 |       0 |      57 |   0.0 |  1782
          D:13 |       0 |    4369 |   0.0 |       0 |      49 |   0.0 |  1404
         Sewer |       0 |     156 |   0.0 |       0 |       6 |   0.0 |   158
               +---------+---------+-------+---------+---------+-------+---------
